[Event "Dos Hermanas Internet Tournament:  final knockout stage"]
[Site "Internet Chess Club"]
[Date "2002.03.23"]
[Round "5b"]
[White "A-Rustemov"]
[Black "Reiko"]
[Result "1/2-1/2"]
[ICCResult "Game drawn by repetition"]
[WhiteElo "3137"]
[BlackElo "3183"]
[Opening "King's Indian: fianchetto, classical variation, 8.e4"]
[ECO "E68"]
[NIC "KI.64"]
[Time "14:54:47"]
[TimeControl "480+2"]

1. d4 g6 2. Nf3 Bg7 3. g3 Nf6 4. Bg2 O-O 5. c4 d6 6. Nc3 Nbd7 7. O-O e5 8.
e4 exd4 9. Nxd4 Nc5 10. h3 Re8 11. Re1 Bd7 12. Rb1 h6 13. b4 Ne6 14. Nb3 Ng5
15. Bxg5 hxg5 16. Qd3 g4 17. h4 Be6 18. Na5 Rb8 19. Rbd1 Nd7 20. Qc2 Ne5 21.
Nd5 c6 22. Nf4 Qc7 23. a3 Rbd8 24. Re2 Bc8 25. Red2 b6 26. Nb3 a6 27. Nd4
Bb7 28. Nde2 b5 29. cxb5 axb5 30. Nd5 Qb8 31. Ne3 Bh6 32. Nf4 Qa7 33. Qc3
Bg7 34. Qb3 Qb8 35. a4 bxa4 36. Qxa4 Nf3+ 37. Bxf3 gxf3 38. Qc2 Be5 39. Ng4
Bg7 40. Ne3 Be5 41. Ng4 Bg7 42. Ne3 Be5 {Game drawn by repetition} 1/2-1/2

[Event "Dos Hermanas Internet Tournament:  final knockout stage"]
[Site "Internet Chess Club"]
[Date "2002.03.23"]
[Round "5c"]
[White "A-Rustemov"]
[Black "Reiko"]
[Result "1-0"]
[ICCResult "Black resigns"]
[WhiteElo "3137"]
[BlackElo "3183"]
[Opening "King's Indian: fianchetto with ...Nd7"]
[ECO "E67"]
[NIC "QO.17"]
[Time "15:11:57"]
[TimeControl "300+0"]

1. d4 g6 2. Nf3 Bg7 3. g3 d6 4. Bg2 Nf6 5. c4 O-O 6. Nc3 Nbd7 7. d5 Nb6 8.
Qd3 e6 9. O-O Re8 10. e4 Nfd7 11. Be3 Nc5 12. Bxc5 dxc5 13. h3 exd5 14. cxd5
c4 15. Qd2 Bxc3 16. Qxc3 Rxe4 17. Ng5 Qxg5 18. Bxe4 Bxh3 19. Rfe1 Rd8 20.
Rad1 Bg4 21. Rd4 h5 22. Bg2 Bf5 23. Qe3 Qxe3 24. Rxe3 Kf8 25. Kf1 c5 26. Rd2
Nc8 27. Ra3 a6 28. Ra5 Nd6 29. Rxc5 Bd3+ 30. Kg1 Re8 31. Rc7 Re1+ 32. Kh2
Re7 33. Rxe7 Kxe7 34. Kg1 b5 35. Bf1 Bf5 36. f3 Kd8 37. Kf2 g5 38. Ke3 Bd7
39. Rh2 Nf5+ 40. Kf2 h4 41. gxh4 Nxh4 42. f4 f6 43. fxg5 fxg5 44. Ke3 Ke7
45. Bh3 Be8 46. Re2 Kd6 47. Be6 Bg6 48. Rf2 Bb1 49. a3 Ke5 50. Rf8 Ng6 51.
Rg8 Nf4 52. Rxg5+ {Black resigns} 1-0